TOP OF THE 1ST |
Winnipeg Goldeyes batting - Pitching for London Majors : LHP Zhu Chai
|
Pitching: LHP Zhu Chai
|
|
Batting: RHB Mitsuhiro Kobayashi
|
0-0: Ball 1-0: SINGLE (Groundball, 56D, EV 95.6 MPH)
|
Batting: RHB Settan Nakamura
|
0-0: Foul Ball, location: 2F 0-1: Ball Mitsuhiro Kobayashi is caught stealing 2nd base 2-4 1-1: Ground out 6-3 (Groundball, 6, EV 83.8 MPH)
|
Batting: RHB Terry Oetker
|
0-0: Ball 1-0: Ball 2-0: Swinging Strike 2-1: Foul Ball, location: 2F 2-2: Ball 3-2: Base on Balls
|
Batting: RHB Itocravo Arrochela
|
0-0: Called Strike 0-1: Called Strike 0-2: SINGLE (Groundball, 6MD, EV 103.8 MPH) Terry Oetker to second Runner from 2nd tries for 3rd, SAFE, throw by CF made to third
|
Batting: RHB Yu-zeng Mai
|
0-0: Foul Ball, location: 2F 0-1: Foul Ball, location: 2F 0-2: Ball 1-2: Fly out, F9 (Flyball, 9, EV 78.8 MPH)
|
Top of the 1st over - 0 runs, 2 hits, 0 errors, 2 left on base; Winnipeg 0 - London 0 |
BOTTOM OF THE 1ST |
London Majors batting - Pitching for Winnipeg Goldeyes : RHP Jose Zavala
|
Pitching: RHP Jose Zavala
|
|
Batting: RHB Cormackle Poohdatoot
|
0-0: Ball 1-0: Ball 2-0: Foul Ball, location: 2F 2-1: SINGLE (Groundball, 56D, EV 106.2 MPH)
|
Batting: SHB Steve Ramsey
|
0-0: Ball 1-0: Swinging Strike 1-1: Foul Ball, location: 2F 1-2: Foul Ball, location: 2F 1-2: Strikes out looking
|
Batting: RHB Cedric Nicholls
|
0-0: Ball 1-0: SINGLE (Groundball, 4M, EV 105.0 MPH) (infield hit) Cormackle Poohdatoot to second
|
Batting: SHB Toby Patenaude
|
0-0: Swinging Strike 0-1: Swinging Strike 0-2: Fly out, F6 (Popup, 6MD, EV 55.6 MPH)
|
Batting: RHB Tom Bergman
|
0-0: Called Strike 0-1: Ball 1-1: Ball 2-1: Foul Ball, location: 2F 2-2: Ball 3-2: Foul Ball, location: 2F 3-2: Foul Ball, location: 2F 3-2: Strikes out looking
|
Bottom of the 1st over - 0 runs, 2 hits, 0 errors, 2 left on base; Winnipeg 0 - London 0 |
TOP OF THE 2ND |
Winnipeg Goldeyes batting - Pitching for London Majors : LHP Zhu Chai
|
Batting: SHB Tim Lloyd
|
0-0: Swinging Strike 0-1: Foul Ball, location: 2F 0-2: Strikes out looking
|
Batting: RHB Calvin Day
|
0-0: Ball 1-0: SINGLE (Line Drive, 56D, EV 102.5 MPH)
|
Batting: RHB Andy Valenzuela
|
0-0: Foul Ball, location: 2F 0-1: Ball 1-1: Ball 2-1: SINGLE (Line Drive, 89S, EV 110.0 MPH) Calvin Day to second
|
Batting: RHB Ricky Saucedo
|
0-0: Called Strike 0-1: Fly out, F8 (Flyball, 8LD, EV 99.4 MPH)
|
Batting: RHB Mitsuhiro Kobayashi
|
0-0: Called Strike 0-1: Ball 1-1: Ball 2-1: Ball Wild Pitch! Calvin Day to third Andy Valenzuela to second 3-1: Base on Balls
|
Batting: RHB Settan Nakamura
|
0-0: Called Strike 0-1: Swinging Strike 0-2: Ball 1-2: DOUBLE (Line Drive, 78D, EV 106.2 MPH) Calvin Day scores Andy Valenzuela scores Mitsuhiro Kobayashi to third Runner from 3rd tries for Home, SAFE, throw by CF to home
|
Batting: RHB Terry Oetker
|
0-0: Called Strike 0-1: Ball 1-1: Foul Ball, location: 2F 1-2: Ground out 6-3 (Groundball, 6, EV 83.1 MPH)
|
Top of the 2nd over - 3 runs, 3 hits, 0 errors, 1 left on base; Winnipeg 3 - London 0 |
BOTTOM OF THE 2ND |
London Majors batting - Pitching for Winnipeg Goldeyes : RHP Jose Zavala
|
Batting: SHB Joe Loveless
|
0-0: Ground out 4-3 (Groundball, 34S, EV 85.0 MPH)
|
Batting: LHB Jessie Stewart
|
0-0: Ball 1-0: Called Strike 1-1: Ball 2-1: Foul Ball, location: 2F 2-2: Foul Ball, location: 2F 2-2: Foul Ball, location: 2F 2-2: Fly out, F9 (Flyball, 9, EV 77.5 MPH)
|
Batting: RHB Frank Pinksen
|
0-0: DOUBLE (Line Drive, 9LS, EV 88.1 MPH)
|
Batting: RHB Jerry Perez
|
0-0: Fly out, F6 (Popup, 15S, EV 86.9 MPH)
|
Bottom of the 2nd over - 0 runs, 1 hit, 0 errors, 1 left on base; Winnipeg 3 - London 0 |
TOP OF THE 3RD |
Winnipeg Goldeyes batting - Pitching for London Majors : LHP Zhu Chai
|
Batting: RHB Itocravo Arrochela
|
0-0: Swinging Strike 0-1: Ball 1-1: Foul Ball, location: 2F 1-2: Ball 2-2: Ball 3-2: Foul Ball, location: 2F 3-2: Base on Balls
|
Batting: RHB Yu-zeng Mai
|
0-0: Called Strike 0-1: Foul Ball, location: 2F 0-2: Ball 1-2: Foul Ball, location: 2F 1-2: Ball 2-2: Fielders Choice at 2nd, 6-4 (Groundball, 6, EV 89.4 MPH)
|
Batting: SHB Tim Lloyd
|
0-0: Ball 1-0: Foul Ball, location: 2F 1-1: Foul Ball, location: 2F 1-2: Foul Ball, location: 2F 1-2: SINGLE (Groundball, 6M, EV 102.5 MPH) (infield hit) Yu-zeng Mai to second
|
Batting: RHB Calvin Day
|
0-0: Ball 1-0: Fly out, F8 (Flyball, 8LD, EV 98.1 MPH)
|
Batting: RHB Andy Valenzuela
|
0-0: Swinging Strike 0-1: Swinging Strike 0-2: Ball 1-2: Ball 2-2: Strikes out swinging
|
Top of the 3rd over - 0 runs, 1 hit, 0 errors, 2 left on base; Winnipeg 3 - London 0 |
BOTTOM OF THE 3RD |
London Majors batting - Pitching for Winnipeg Goldeyes : RHP Jose Zavala
|
Batting: RHB Cormackle Poohdatoot
|
0-0: Ball 1-0: Foul Ball, location: 2F 1-1: Foul Ball, location: 2F 1-2: Fly out, F8 (Flyball, 8RM, EV 74.4 MPH)
|
Batting: SHB Steve Ramsey
|
0-0: Fly out, F7 (Flyball, 7, EV 83.8 MPH)
|
Batting: RHB Cedric Nicholls
|
0-0: Ball 1-0: Foul Ball, location: 2F 1-1: Ground out U3 (Groundball, 13, EV 80.6 MPH)
|
Bottom of the 3rd over - 0 runs, 0 hits, 0 errors, 0 left on base; Winnipeg 3 - London 0 |
TOP OF THE 4TH |
Winnipeg Goldeyes batting - Pitching for London Majors : LHP Zhu Chai
|
Batting: RHB Ricky Saucedo
|
0-0: Ball 1-0: Ball 2-0: Called Strike 2-1: Foul Ball, location: 2F 2-2: Strikes out swinging
|
Batting: RHB Mitsuhiro Kobayashi
|
0-0: Ball 1-0: Ball 2-0: Ball 3-0: Base on Balls
|
Batting: RHB Settan Nakamura
|
0-0: Called Strike 0-1: Ball 1-1: Ball 2-1: Foul Ball, location: 2F 2-2: Grounds into double play, 6-4-3 (Groundball, 6, EV 89.4 MPH)
|
Top of the 4th over - 0 runs, 0 hits, 0 errors, 0 left on base; Winnipeg 3 - London 0 |
BOTTOM OF THE 4TH |
London Majors batting - Pitching for Winnipeg Goldeyes : RHP Jose Zavala
|
Batting: SHB Toby Patenaude
|
0-0: Ball 1-0: Ground out 6-3 (Groundball, 6M, EV 95.6 MPH)
|
Batting: RHB Tom Bergman
|
0-0: Ball 1-0: Ball 2-0: Called Strike 2-1: Foul Ball, location: 2F 2-2: Ground out 5-3 (Groundball, 56S, EV 64.4 MPH)
|
Batting: SHB Joe Loveless
|
0-0: Swinging Strike 0-1: Swinging Strike 0-2: Foul Ball, location: 2F 0-2: Strikes out swinging
|
Bottom of the 4th over - 0 runs, 0 hits, 0 errors, 0 left on base; Winnipeg 3 - London 0 |
TOP OF THE 5TH |
Winnipeg Goldeyes batting - Pitching for London Majors : LHP Zhu Chai
|
Batting: RHB Terry Oetker
|
0-0: Ball 1-0: Ground out 4-3 (Groundball, 4M, EV 88.1 MPH)
|
Batting: RHB Itocravo Arrochela
|
0-0: Swinging Strike 0-1: SINGLE (Line Drive, 7S, EV 103.8 MPH)
|
Batting: RHB Yu-zeng Mai
|
0-0: Ball 1-0: Called Strike Itocravo Arrochela steals 2nd base 1-1: Ball 2-1: Ground out 6-3 (Groundball, 6S, EV 89.4 MPH) Itocravo Arrochela to third
|
Batting: SHB Tim Lloyd
|
0-0: Ball 1-0: Ball 2-0: Called Strike 2-1: Fly out, F8 (Flyball, 8RXD, EV 92.5 MPH)
|
Top of the 5th over - 0 runs, 1 hit, 0 errors, 1 left on base; Winnipeg 3 - London 0 |
BOTTOM OF THE 5TH |
London Majors batting - Pitching for Winnipeg Goldeyes : RHP Jose Zavala
|
Batting: LHB Jessie Stewart
|
0-0: Ball 1-0: Foul Ball, location: 2F 1-1: Swinging Strike 1-2: Fly out, F6 (Line Drive, 6, EV 73.8 MPH)
|
Batting: RHB Frank Pinksen
|
0-0: Ball 1-0: Called Strike 1-1: Fly out, F9 (Flyball, 9, EV 90.0 MPH)
|
Batting: RHB Jerry Perez
|
0-0: SINGLE (Line Drive, 8RS, EV 98.8 MPH)
|
Batting: RHB Cormackle Poohdatoot
|
0-0: Ball 1-0: Ball 2-0: Called Strike 2-1: Ball 3-1: Called Strike 3-2: Strikes out swinging
|
Bottom of the 5th over - 0 runs, 1 hit, 0 errors, 1 left on base; Winnipeg 3 - London 0 |
TOP OF THE 6TH |
Winnipeg Goldeyes batting - Pitching for London Majors : LHP Zhu Chai
|
Batting: RHB Calvin Day
|
0-0: Ball 1-0: Fly out, F9 (Flyball, 9D, EV 97.5 MPH)
|
Batting: RHB Andy Valenzuela
|
0-0: Swinging Strike 0-1: Foul Ball, location: 2F 0-2: Foul Ball, location: 2F 0-2: Strikes out swinging
|
Batting: RHB Ricky Saucedo
|
0-0: Ball 1-0: Ball 2-0: Called Strike 2-1: Ball 3-1: Fly out, F7 (Line Drive, 78M, EV 90.0 MPH)
|
Top of the 6th over - 0 runs, 0 hits, 0 errors, 0 left on base; Winnipeg 3 - London 0 |
BOTTOM OF THE 6TH |
London Majors batting - Pitching for Winnipeg Goldeyes : RHP Jose Zavala
|
Batting: SHB Steve Ramsey
|
0-0: Ball 1-0: Ball 2-0: Called Strike 2-1: Called Strike 2-2: Foul Ball, location: 2F 2-2: Ball 3-2: Strikes out swinging
|
Batting: RHB Cedric Nicholls
|
0-0: Called Strike 0-1: Ball 1-1: SOLO HOME RUN (Flyball, 7D, EV 95.6 MPH), Distance : 368 ft
|
Batting: SHB Toby Patenaude
|
0-0: Swinging Strike 0-1: Foul Ball, location: 2F 0-2: Ball 1-2: Ball 2-2: Ground out 6-3 (Groundball, 4M, EV 105.0 MPH)
|
Batting: RHB Tom Bergman
|
0-0: Foul Ball, location: 2F 0-1: Foul Ball, location: 2F 0-2: Ball 1-2: Foul Ball, location: 2F 1-2: Strikes out swinging
|
Bottom of the 6th over - 1 run, 1 hit, 0 errors, 0 left on base; Winnipeg 3 - London 1 |
TOP OF THE 7TH |
Winnipeg Goldeyes batting - Pitching for London Majors : LHP Zhu Chai
|
Batting: RHB Mitsuhiro Kobayashi
|
0-0: Called Strike 0-1: Swinging Strike 0-2: Fly out, F9 (Flyball, 89M, EV 83.8 MPH)
|
Batting: RHB Settan Nakamura
|
0-0: Ball 1-0: Ball 2-0: Called Strike 2-1: Ball 3-1: Called Strike 3-2: Base on Balls
|
Pitching: RHP Josh Nelson
|
|
Batting: RHB Terry Oetker
|
0-0: Ball Settan Nakamura is caught stealing 2nd base 2-4 1-0: Foul Ball, location: 2F 1-1: Foul Ball, location: 2F 1-2: Ball 2-2: SINGLE (Groundball, 4D, EV 105.6 MPH)
|
Batting: RHB Itocravo Arrochela
|
0-0: Called Strike 0-1: Foul Ball, location: 2F 0-2: Fly out, F8 (Flyball, 89M, EV 88.8 MPH)
|
Top of the 7th over - 0 runs, 1 hit, 0 errors, 1 left on base; Winnipeg 3 - London 1 |
BOTTOM OF THE 7TH |
London Majors batting - Pitching for Winnipeg Goldeyes : RHP Jose Zavala
|
Batting: SHB Joe Loveless
|
0-0: Ground out 4-3 (Groundball, 4, EV 98.8 MPH)
|
Batting: LHB Jessie Stewart
|
0-0: Ball 1-0: Ball 2-0: Called Strike 2-1: Foul Ball, location: 2F 2-2: Ball 3-2: Ground out 5-3 (Groundball, 56S, EV 88.1 MPH)
|
Batting: RHB Frank Pinksen
|
0-0: Ball 1-0: Swinging Strike 1-1: Swinging Strike 1-2: Strikes out swinging
|
Bottom of the 7th over - 0 runs, 0 hits, 0 errors, 0 left on base; Winnipeg 3 - London 1 |
TOP OF THE 8TH |
Winnipeg Goldeyes batting - Pitching for London Majors : RHP Josh Nelson
|
Batting: RHB Yu-zeng Mai
|
0-0: Ball 1-0: Ball 2-0: Called Strike 2-1: Foul Ball, location: 2F 2-2: Ball 3-2: Strikes out swinging
|
Batting: SHB Tim Lloyd
|
0-0: Called Strike 0-1: Ball 1-1: Foul Ball, location: 2F 1-2: Ball 2-2: Strikes out swinging
|
Batting: RHB Calvin Day
|
0-0: Called Strike 0-1: Ball 1-1: Swinging Strike 1-2: Foul Ball, location: 2F 1-2: Foul Ball, location: 2F 1-2: Strikes out swinging
|
Top of the 8th over - 0 runs, 0 hits, 0 errors, 0 left on base; Winnipeg 3 - London 1 |
BOTTOM OF THE 8TH |
London Majors batting - Pitching for Winnipeg Goldeyes : RHP Jose Zavala
|
Pitching: RHP Curtis Melchert
|
|
Pinch Hitting: LHB Edwin Esparza
|
0-0: Ball 1-0: Called Strike 1-1: Ball 2-1: Foul Ball, location: 2F 2-2: Ball 3-2: Strikes out swinging, 2-3 out at first.
|
Pinch Hitting: SHB Mike Fermin
|
0-0: Ball 1-0: Called Strike 1-1: Called Strike 1-2: Ball 2-2: Fly out, F3 (Line Drive, 3, EV 65.0 MPH)
|
Batting: SHB Steve Ramsey
|
0-0: Called Strike 0-1: Ball 1-1: Ball 2-1: DOUBLE (Flyball, 8RXD, EV 111.9 MPH)
|
Batting: RHB Cedric Nicholls
|
0-0: Called Strike 0-1: Ball 1-1: Ground out 5-3 (Groundball, 56S, EV 78.8 MPH)
|
Bottom of the 8th over - 0 runs, 1 hit, 0 errors, 1 left on base; Winnipeg 3 - London 1 |
TOP OF THE 9TH |
Winnipeg Goldeyes batting - Pitching for London Majors : RHP Josh Nelson
|
Now at 1B: Jessie Stewart
|
|
Now at 3B: Mike Fermin
|
|
Now in RF: Edwin Esparza
|
|
Batting: RHB Andy Valenzuela
|
0-0: Foul Ball, location: 2F 0-1: Ball 1-1: SINGLE (Groundball, 6MD, EV 96.2 MPH)
|
Batting: RHB Ricky Saucedo
|
0-0: Called Strike 0-1: Swinging Strike 0-2: Ball 1-2: Ball 2-2: Ball 3-2: Base on Balls Andy Valenzuela to second
|
Pitching: LHP Jim Sabin
|
|
Batting: RHB Mitsuhiro Kobayashi
|
0-0: Ball 1-0: Foul Ball, location: 7LSF, Error on foul ball, E7 1-1: Bunt missed! 1-2: Strikes out looking
|
Batting: RHB Settan Nakamura
|
0-0: Called Strike 0-1: Grounds into double play, 6-4-3 (Groundball, 6, EV 100.6 MPH)
|
Top of the 9th over - 0 runs, 1 hit, 1 error, 1 left on base; Winnipeg 3 - London 1 |
BOTTOM OF THE 9TH |
London Majors batting - Pitching for Winnipeg Goldeyes : RHP Curtis Melchert
|
Now at 1B: Fernando Membreno
|
|
Now at 3B: Danny Rodriguez
|
|
Now in LF: Yu-zeng Mai
|
|
Now in CF: Mike Berzins
|
|
Now in RF: Tim Lloyd
|
|
Batting: SHB Toby Patenaude
|
0-0: Ball 1-0: Ball 2-0: Fly out, F9 (Flyball, 9, EV 92.5 MPH)
|
Pinch Hitting: RHB Brandon Williams
|
0-0: Foul Ball, location: 2F 0-1: Foul Ball, location: 2F 0-2: Ground out 1-3 (Groundball, 13S, EV 68.8 MPH)
|
Batting: RHB Chad Colyer
|
0-0: Foul Ball, location: 2F 0-1: Swinging Strike 0-2: Ball 1-2: Ball 2-2: Foul Ball, location: 2F 2-2: Ball 3-2: Strikes out swinging, 2-3 out at first.
|
Bottom of the 9th over - 0 runs, 0 hits, 0 errors, 0 left on base; Winnipeg 3 - London 1 |
|